 Dungeon Crawl Stone Soup version 0.30.0 (webtiles) character file.

Game seed: 12543901374097553951

55 samcosmo the Magician (level 3, -2/28 HPs)
             Began as a Draconian Hedge Wizard on July 20, 2023.
             Slain by a worm (9 damage)
             ... on level 3 of the Dungeon.
             The game lasted 00:03:27 (2075 turns).

samcosmo the Magician (Draconian Hedge Wizard)      Turns: 2075, Time: 00:03:27

Health: -2/28      AC:  5    Str: 14    XL:     3   Next: 67%
Magic:  8/8        EV: 12    Int: 14    God:
Gold:   139        SH:  5    Dex: 10    Spells: 5/9 levels left

rFire   . . .        i - +0 mace
rCold   . . .        (no shield)
rNeg    . . .        (body armour unavailable)
rPois   .            b - +0 hat
rElec   .            (no cloak)
rCorr   .            (no gloves)
SInv    .            (no boots)
Will    .....        j - amulet of reflection
Stlth   ++           (no ring)
HPRegen 0.24/turn    (no ring)
MPRegen 0.11/turn

%: reflection
@: no status effects
A: AC +5, unfitting armour, cold-blooded
a: no special abilities


You were on level 3 of the Dungeon.
You visited 1 branch of the dungeon, and saw 3 of its levels.

You collected 139 gold pieces.

Inventory:

Hand Weapons
 a - a +0 dagger
 i - a +0 mace (weapon)
Armour
 b - a +0 hat (worn)
Jewellery
 j - an amulet of reflection (around neck)
 k - an amulet of guardian spirit
 q - a ring of fire
Scrolls
 d - 2 scrolls of fear {unknown}
 f - 3 scrolls of identify {unknown}
 h - a scroll of butterflies {unknown}
 l - a scroll of acquirement {unknown}
 o - a scroll of amnesia {unknown}
Potions
 c - a potion of magic
 e - a potion of degeneration {unknown}
 g - 2 potions of haste {unknown}
 m - a potion of brilliance {unknown}
 n - a potion of ambrosia {unknown}
 p - a potion of might {unknown}


   Skills:
 + Level 1.3 Fighting
 - Level 1.7 Dodging
 - Level 1.7 Stealth
 * Level 3.6 Spellcasting
 + Level 1.7 Conjurations
 - Level 1.0 Summonings
 + Level 1.8 Translocations


You had 5 spell levels left.
You knew the following spells:

 Your Spells              Type           Power      Damage    Failure   Level
a - Magic Dart            Conj           28%        1d4       10%         1
b - Mephitic Cloud        Conj/Pois/Air  4%         N/A       43%         3

Your spell library contained the following spells:

 Spells                   Type           Power      Damage    Failure   Level
 Blink                    Tloc           14%        N/A       14%         2
 Slow                     Hex            8%         N/A       21%         1
 Call Imp                 Summ           10%        N/A       21%         2
 Cigotuvi's Dreadful Rot  Necr/Pois/Air  4%         N/A       30%         2


Dungeon Overview and Level Annotations

Branches:
Dungeon (3/15)

Altars:


Innate Abilities, Weirdness & Mutations

Your plain brown scales are hard. (AC +5)
You cannot fit into any form of body armour.
You are cold-blooded and may be slowed by cold attacks.


Message History

The endoplasm freezes you.
You are frozen.
You hit the endoplasm.
The endoplasm is almost dead.
The endoplasm freezes you.
You are frozen.
You barely miss the endoplasm.
The endoplasm is almost dead.
The endoplasm barely misses you.
A worm comes into view.
You hit the endoplasm.
You kill the endoplasm!
You see here a jackal corpse.
You hit the worm.
You tail-slap the worm, but do no damage.
The worm is moderately wounded.
The worm bites you but does no damage.
You hit the worm. You punch the worm.
The worm is heavily wounded.
You barely miss the worm. You tail-slap the worm.
The worm is severely wounded.
The worm bites you!
You are too injured to fight recklessly!
You are too injured to fight recklessly!
You are too injured to fight recklessly!
You are too injured to fight recklessly!
You barely miss the worm.
The worm is severely wounded.
The worm bites you!
* * * LOW HITPOINT WARNING * * *
You barely miss the worm.
The worm is severely wounded.
The worm closely misses you.
You hit the worm but do no damage. You punch the worm.
The worm is severely wounded.
The worm misses you.
You hit the worm.
The worm is severely wounded.
The worm bites you!
You die...

# #.###..###.##..###
#. #.# #...#.......##
#.##.###..#.#)#.....#
#.........###.##...##
###...###.###.###.##
#.†.# #.....# #.#
##†## ####### #.# #.#
#+# #@# #w# #.# #.#
#.. #.# #.# #.#


You could see a worm.

Vanquished Creatures
  2 adders
  An orc (D:3)
  4 endoplasms
  A giant cockroach (D:3)
  3 goblins
  5 hobgoblins
  2 jackals (D:3)
  2 kobolds (D:1)
  2 quokkas
  2 ball pythons (D:1)
  2 bats (D:1)
  5 frilled lizards
  3 rats
34 creatures vanquished.

Notes
Turn   | Place    | Note
-------+----------+-------------------------------------------
     0 | D:1      | samcosmo the Draconian Hedge Wizard began the quest for the
                  | Orb.
     0 | D:1      | Reached XP level 1. HP: 14/14 MP: 4/4
   474 | D:1      | Reached XP level 2. HP: 22/22 MP: 6/6
   915 | D:1      | Found a faded altar of an unknown god.
   954 | D:2      | Reached skill level 1 in Fighting
  1074 | D:2      | Reached XP level 3. HP: 28/28 MP: 7/7
  1680 | D:3      | Learned a level 3 spell: Mephitic Cloud
  2075 | D:3      | Slain by a worm

Illustrated notes

Levels and vault maps discovered:
D:1:      erik_arrival_orb_chamber, layout_loops_corners,
          hellmonk_ecumenical_altar_inner_sanctum
D:2:      layout_rooms, serial_forest, infiniplex_forest_lined_3_way,
          infiniplex_forest_pool, infiniplex_forest_clump_tiny,
          infiniplex_forest_clump_large
D:3:      layout_loops_corners, uniq_terence

Skill      XL: |  1  2 |
---------------+-------+-----
Fighting       | 1 |  1.3
Dodging        | |  1.7
Stealth        | |  1.7
Spellcasting   | |  3.6
Conjurations   | |  1.7
Summonings     | |  1.0
Translocations | |  1.8

Action                     || total
---------------------------++-------
  Melee: Dagger            ||    31
         Tailslap          ||    13
         Mace              ||    96
         Punch             ||     2
   Cast: Magic Dart        ||     4
   Stab: Sleeping          ||     3
 Armour: Skin              ||    35
  Dodge: Dodged            ||    78
  Block: Other             ||    21
